AoeStats
← JasminePronk

Nomad

509201908Analyzed
4v4 RM · 7d ago on Sep 25, 2026· 52m 13s· 8 players
Game mode
Random Map
Map size
231×231
Population
200
Speed
Normal
Resources
Standard
Victory
Conquest
Starting age
Dark Age
Ending age
Imperial Age
RankedLock teamsTeams togetherTeam positionsShared explorationLock speedFull tech treeHidden civsTurbo modeCheats
Victory
Defeat
🇦🇷 Turks · Argentina
1282
+15
🇺🇸 Vietnamese · United States
1264
+16
🇫🇷 Lithuanians · France
1262
+16
🇫🇷 Khmer · France
1261
+16
🇺🇸 Huns · United States
1446
-22
🇺🇸 Inca · United States
1312
-18
🇺🇸 Gurjaras · United States
1238
-15
🇺🇸 Saracens · United States
1065
-8
BrownBomber81
4:41 Loom
15:01 Feudal Age
16:18 Double-Bit Axe
19:27 Castle Age
17:41 Fletching
19:36 Crossbowman
20:20 Gold Mining
25:08 Scale Mail Armor
25:24 Squires
28:48 Horse Collar
29:24 Fishing Lines
31:04 Bodkin Arrow
32:02 Padded Archer Armor
34:52 Leather Archer Armor
43:11 Ballistics
46:54 Imperial Age
45:00 Wheelbarrow
44:31 Elite Skirmisher
45:49 Bow Saw
45:56 Light Cavalry
46:48 Bloodlines
47:44 Bracer
48:12 Paper Money
49:48 Chemistry
50:17 Ring Archer Armor
50:59 Stone Mining
51:13 Chatras
51:38 Husbandry
51:46 Scale Barding Armor
Sahraoui
5:44 Loom
15:45 Feudal Age
19:02 Castle Age
17:36 Double-Bit Axe
19:18 Scale Barding Armor
19:23 Forging
20:22 Bloodlines
27:26 Chain Barding Armor
27:41 Iron Casting
Adrien
15:40 Feudal Age
19:57 Castle Age
20:19 Loom
23:58 Horse Collar
29:12 Town Watch
32:23 Forging
32:53 Wheelbarrow
34:42 Scale Barding Armor
35:13 Iron Casting
34:50 Gold Mining
34:50 Stone Mining
38:28 Imperial Age
36:33 Chain Barding Armor
37:27 Bloodlines
37:18 Husbandry
37:26 Double-Bit Axe
39:30 Cavalier
44:23 Paladin
51:39 Heavy Plow
51:02 Light Cavalry
52:36 Hand Cart
52:22 Town Patrol
eze
5:58 Loom
14:40 Feudal Age
15:21 Double-Bit Axe
15:31 Town Watch
23:14 Castle Age
22:03 Horse Collar
29:30 Bow Saw
30:16 Forging
33:42 Demolition Ship
35:16 Bloodlines
35:28 Medium Warships
35:58 Fletching
36:37 Gold Mining
37:54 Husbandry
39:35 Wheelbarrow
39:08 Stone Mining
42:12 Padded Archer Armor
42:18 Scale Barding Armor
45:28 Imperial Age
48:06 Leather Archer Armor
48:02 Treadmill Crane
49:28 Conscription
48:51 Elite Janissary
Thomas the Train
3:23 Loom
15:29 Feudal Age
16:07 Double-Bit Axe
21:51 Castle Age
19:59 Scale Barding Armor
20:50 Forging
22:22 Bloodlines
23:16 Bow Saw
25:21 Fishing Lines
25:40 Horse Collar
37:38 Medium Warships
40:32 Chain Barding Armor
39:54 Light Cavalry
41:49 Iron Casting
42:57 Husbandry
SpacyBabushka
5:05 Loom
13:53 Feudal Age
18:48 Scale Barding Armor
19:15 Forging
19:36 Double-Bit Axe
19:38 Fishing Lines
20:41 Wheelbarrow
20:30 Bloodlines
28:48 Castle Age
31:46 Fletching
32:53 Husbandry
33:08 Bodkin Arrow
43:48 Hand Cart
52:04 Imperial Age
50:27 Gold Mining
JasminePronk
6:16 Loom
17:08 Feudal Age
22:18 Castle Age
33:03 Forging
33:04 Scale Barding Armor
37:06 Forging
40:18 Wheelbarrow
40:51 Chain Barding Armor
44:25 Hand Cart
45:33 Iron Casting
UxorialBadger60
3:46 Loom
14:47 Feudal Age
19:23 Gold Mining
22:06 Castle Age
20:14 Stone Mining
23:19 Double-Bit Axe
24:54 Bow Saw
27:34 Stone Shaft Mining
27:20 Scale Mail Armor
27:30 Forging
28:05 Pikeman
29:16 Horse Collar
30:27 Chain Mail Armor
30:48 Squires
32:05 Iron Casting
34:28 Heavy Plow
40:33 Imperial Age
42:25 Wheelbarrow
41:55 Capped Ram
43:09 Plate Mail Armor
43:39 Blast Furnace
43:06 Conscription
42:57 Andean Sling
42:48 Elite Skirmisher
43:36 Thumb Ring
43:23 Fletching
43:33 Padded Archer Armor
45:31 Ballistics
46:12 Chemistry
45:55 Bodkin Arrow
46:25 Halberdier
48:21 Hand Cart
50:46 Bracer
Connection lost

Rejoining the realm…

Still unreachable

The connection could not be restored.

Session expired

The server has moved on; the page needs a fresh start.